 Dungeon Crawl Stone Soup version 0.30.1-4-g462c640d31 (webtiles) character file.

Game seed: 2181554069022144123

105 HagarQim the Conjurer (level 4, -2/24 HPs)
             Began as a Deep Elf Conjurer on Aug 19, 2023.
             Slain by a killer bee (8 damage)
             ... on level 4 of the Dungeon.
             The game lasted 00:09:04 (3093 turns).

HagarQim the Conjurer (Deep Elf Conjurer)           Turns: 3093, Time: 00:09:05

Health: -2/24      AC:  4    Str:  5 (6)  XL:     4   Next: 54%
Magic:  10/11      EV: 12    Int: 22 (23) God:
Gold:   128        SH:  0    Dex: 13      Spells: 9/10 levels left

rFire   . . .        g - +2 sling (heavy)
rCold   . . .        (no shield)
rNeg    . . .        a - +0 robe
rPois   .            (no helmet)
rElec   .            (no cloak)
rCorr   .            (no gloves)
SInv    .            c - +1 pair of boots
Will    .....        (no amulet)
Stlth   ++           (no ring)
HPRegen 0.24/turn    (no ring)
MPRegen 0.12/turn

%: no passive effects
@: lethally poisoned (-2 -> -3)
A: no striking features
a: no special abilities


You were on level 4 of the Dungeon.
You visited 1 branch of the dungeon, and saw 4 of its levels.

You collected 128 gold pieces.

Inventory:

Hand Weapons
 f - a +1 flail of protection
 g - a +2 heavy sling (weapon)
 i - a +1 dagger of venom
 j - a +3 antimagic falchion
Missiles
 m - 6 poisoned darts
Armour
 a - a +0 robe (worn)
 c - a +1 pair of boots (worn)
Magical Staves
 d - a staff of air
Scrolls
 e - 3 scrolls of teleportation
 h - a scroll of amnesia
 k - a scroll of magic mapping {unknown}
Potions
 b - a potion of magic
 l - a potion of curing
 n - a potion of cancellation {unknown}


   Skills:
 + Level 0.1 Fighting
 + Level 0.1 Short Blades
 + Level 1.3 Ranged Weapons
 + Level 2.8 Dodging
 + Level 3.5 Stealth
 + Level 3.7 Spellcasting
 + Level 5.5 Conjurations


You had 9 spell levels left.
You knew the following spells:

 Your Spells              Type           Power      Damage    Failure   Level
a - Magic Dart            Conj           100%       1d8       1%          1

Your spell library contained the following spells:

 Spells                   Type           Power      Damage    Failure   Level
 Searing Ray              Conj           56%        2d6       1%          2
 Dazzling Flash           Conj/Hex       32%        N/A       11%         3
 Summon Small Mammal      Summ           16%        N/A       12%         1
 Call Canine Familiar     Summ           4%         N/A       34%         3
 Summon Guardian Golem    Hex/Summ       4%         N/A       34%         3
 Fulminant Prism          Conj/Hex       8%         3d7       36%         4
 Iskenderun's Mystic Bla  Conj/Tloc      16%        2d5       36%         4
 Summon Ice Beast         Ice/Summ       4%         N/A       75%         4
 Summon Mana Viper        Hex/Summ       4%         N/A       97%         5
 Monstrous Menagerie      Summ           2%         N/A       100%        7


Dungeon Overview and Level Annotations

Branches:
Dungeon (4/15)
 Temple: D:4-7

Altars:
Ashenzari

Shops:
D:4 **

Annotations:
D:2 Sigmund
D:4 1 runed translucent door, Voland's ghost, amateur TeAE


Message History

Magic restored.
n - a bubbling blue potion
Things that are here:
a +0 whip; a kobold corpse; a hobgoblin corpse
Okay, then.
Found a stone staircase leading down.
Found a stone staircase leading down.
Okay, then. 2 killer bees come into view.
The killer bee buzzes angrily. x2
A killer bee comes into view. x2
The killer bee buzzes angrily.
You shoot a sling bullet.
The sling bullet closely misses the killer bee.
The killer bee buzzes angrily.
The killer bee barely misses you.
A killer bee comes into view.
The killer bee stings you but does no damage.
The killer bee stings you!
You are poisoned.
The killer bee poisons you!
The killer bee moves out of view.
Casting: Magic Dart (safe; 1% risk of failure)
Confirm with . or Enter, or press ? or * to list all spells.
Aiming: Magic Dart (safe; 1% risk of failure)
Press: ? - help, Shift-Dir - straight line, f/p - killer bee
Aim: a killer bee (100% to hit)
The magic dart hits the killer bee.
The killer bee is lightly wounded.
You feel sick. The killer bee barely misses you. x2
You feel sick.
You feel sick.
The killer bee attacks as you move away!
The killer bee stings you.
You feel sick.
The killer bee attacks as you move away!
The killer bee closely misses you.
You feel sick. The killer bee completely misses you.
The killer bee barely misses you.
There is a stone staircase leading down here.
You can't go up here!
You feel sick. The killer bee stings you!
You die...

## ### )##
##>## ..#
######...######
# ..#
#.)...........#
.# ..#
#.#####.#####.#
.. ..# #.# #.#
#.# .# ..# #.#
#.#####.# y.
..# #.#
####..y.###.#
#.####.##
#.@yy....#
#.......#
#.yy..........
######..#
########.#####
#..# .# #..# .
#.## .. #.# ..
#.. ... ###


You could see 5 killer bees.

Vanquished Creatures
  A hound (D:4)
  2 adders (D:3)
  A bat (D:3)
  7 endoplasms
  A giant cockroach (D:1)
  7 goblins
  10 hobgoblins
  6 kobolds
  A quokka (D:2)
  8 ball pythons
  4 frilled lizards
  3 rats (D:1)
51 creatures vanquished.

Notes
Turn   | Place    | Note
-------+----------+-------------------------------------------
     0 | D:1      | HagarQim the Deep Elf Conjurer began the quest for the Orb.
     0 | D:1      | Reached XP level 1. HP: 10/10 MP: 6/6
   298 | D:1      | Reached XP level 2. HP: 15/15 MP: 6/8
   439 | D:1      | Reached skill level 5 in Conjurations
  1478 | D:2      | Reached XP level 3. HP: 19/19 MP: 4/9
  1597 | D:2      | Noticed Sigmund
  2406 | D:3      | Found a broken altar of Ashenzari.
  2650 | D:3      | Reached XP level 4. HP: 24/24 MP: 8/11
  2738 | D:4      | Noticed Voland's ghost (amateur TeAE)
  2738 | D:4      | Found a runed translucent door.
  2764 | D:4      | Reached skill level 1 in Ranged Weapons
  2959 | D:4      | Found Aschuem's Specific Store.
  2960 | D:4      | Found Cadicud's General Store.
  3093 | D:4      | Slain by a killer bee

Illustrated notes

Levels and vault maps discovered:
D:1:      heliophobic_arrival_glass_houses, layout_loops_cross,
          wander_ebering_terrifying_dragon_lair
D:2:      layout_loops_ring, shapermc_ecumenical_altar_mp_vishouse,
          kennysheep_boxes, uniq_sigmund
D:3:      layout_basic, ashenzari_conservatory_becter
D:4:      kennysheep_six_static_rooms, layout_loops_ring, kennysheep_little_box,
          gammafunk_ghost_grave, grunt_ministairs_10, chequers_garden,
          nicolae_specific_store, uniq_edmund, uniq_natasha

Skill      XL: |  1  2  3  4 |
---------------+-------------+-----
Conjurations   | 5 |  5.5
Stealth        | 3 |  3.5
Ranged Weapons | 1 |  1.3
Fighting       | |  0.1
Short Blades   | |  0.1
Dodging        | |  2.8
Spellcasting   | |  3.7

Action                     |  1- 3 |  4- 6 || total
---------------------------+-------+-------++-------
  Melee: Unarmed           |     3 |       ||     3
         Dagger            |     1 |       ||     1
   Fire: Sling             |    20 |    13 ||    33
   Cast: Magic Dart        |    65 |     6 ||    71
    Use: Potion            |     4 |       ||     4
         Scroll            |     5 |       ||     5
 Armour: Robe              |     5 |     2 ||     7
  Dodge: Dodged            |    11 |    11 ||    22
